General information
- name: BNet
- type: Ladder team game (AT/RT)
- host: Battle.net
- saver: different_ways
map: TwilightRuins
- players: 8
- length: 38:05
- speed: Fast
- version: 1.28 W3XP
- replay type: Public
» download(345 KB)
Players
team 1 (loser)
recoome (
orange | 60 APM | 2282 actions | 38:03)
6 Warden
3 Fan of Knives
2 Blink
1 Spirit of Vengeance
» actions
| Assign group hotkey | 33 | |
| Basic commands | 126 | |
| Build / train | 78 | |
| Enter build submenu | 25 | |
| Enter hero's abilities submenu | 6 | |
| Give item / drop item | 2 | |
| Remove unit from queue | 1 | |
| Right click | 1213 | |
| Select / deselect | 474 | |
| Select group hotkey | 232 | |
| Use ability | 91 | |
2282 total
» units
| Wisp | 35 | |
| Archer | 5 | |
| Dryad | 11 | |
| Mountain Giant | 3 | |
54 total
» upgrades
| Abolish Magic | 1 | |
| Hardened Skin | 1 | |
| Resistant Skin | 1 | |
| Strength of the Wild | 2 | |
| Reinforced Hides | 1 | |
6 total
» buildings
| Altar of Elders | 1 | |
| Moon Well | 8 | |
| Ancient of War | 2 | |
| Tree of Ages | 1 | |
| Ancient of Wonders | 1 | |
| Hunter's Hall | 1 | |
| Ancient Protector | 2 | |
| Ancient of Lore | 2 | |
| Tree of Eternity | 1 | |
| Tree of Life | 3 | |
22 total
» build order
00:09 Altar of Elders
00:17 Moon Well
01:00 Ancient of War
01:21 Moon Well
02:37 Tree of Ages
03:06 Ancient of Wonders
03:24 Hunter's Hall
04:01 Moon Well
04:34 Ancient Protector
04:58 Ancient Protector
05:03 Ancient of Lore
05:15 Ancient of Lore
06:21 Tree of Eternity
07:22 Tree of Life
09:02 Moon Well
09:05 Moon Well
14:05 Moon Well
19:44 Tree of Life
24:59 Moon Well
25:02 Moon Well
27:12 Ancient of War
27:41 Tree of Life
» items
| Lesser Clarity Potion | 3 | |
| Potion of Mana | 1 | |
| Potion of Lesser Invulnerability | 2 | |
| Orb of Lightning | 1 | |
| Boots of Speed | 1 | |
8 total
Sheena (
teal | 42 APM | 1601 actions | 38:03)
5 Death Knight
3 Death Coil
2 Unholy Aura
3 Lich
2 Frost Nova
1 Frost Armor
» actions
| Assign group hotkey | 27 | |
| Basic commands | 46 | |
| Build / train | 86 | |
| Enter build submenu | 28 | |
| Enter hero's abilities submenu | 9 | |
| Give item / drop item | 2 | |
| Remove unit from queue | 3 | |
| Right click | 613 | |
| Select / deselect | 485 | |
| Select group hotkey | 156 | |
| Use ability | 146 | |
1601 total
» units
| Acolyte | 13 | |
| Ghoul | 9 | |
| Goblin Shredder | 1 | |
| Frost Wyrm | 8 | |
31 total
» upgrades
| Creature Attack | 3 | |
| Unholy Armor | 0 | |
| Creature Carapace | 3 | |
| Freezing Breath | 1 | |
7 total
» buildings
| Crypt | 1 | |
| Ziggurat | 13 | |
| Altar of Darkness | 1 | |
| Tomb of Relics | 1 | |
| Nerubian Tower | 2 | |
| Graveyard | 2 | |
| Halls of the Dead | 2 | |
| Necropolis | 1 | |
| Spirit Tower | 8 | |
| Black Citadel | 1 | |
| Sacrificial Pit | 1 | |
| Boneyard | 3 | |
36 total
» build order
00:16 Crypt
00:18 Ziggurat
00:39 Altar of Darkness
01:05 Tomb of Relics
01:10 Ziggurat
01:56 Ziggurat
02:38 Nerubian Tower
04:29 Graveyard
04:41 Graveyard
06:10 Halls of the Dead
06:11 Halls of the Dead
06:15 Necropolis
06:44 Spirit Tower
07:50 Ziggurat
07:52 Ziggurat
07:53 Ziggurat
07:57 Ziggurat
08:59 Ziggurat
09:01 Ziggurat
09:02 Ziggurat
09:10 Ziggurat
09:20 Black Citadel
09:35 Spirit Tower
09:36 Spirit Tower
09:36 Spirit Tower
09:36 Spirit Tower
09:54 Nerubian Tower
09:55 Spirit Tower
10:29 Ziggurat
10:31 Ziggurat
11:11 Sacrificial Pit
11:41 Spirit Tower
12:06 Boneyard
12:09 Boneyard
12:11 Boneyard
25:14 Spirit Tower
» items
| Dust of Appearance | 3 | |
| Rod of Necromancy | 1 | |
| Replenishment Potion | 2 | |
| Scroll of Town Portal | 4 | |
| Potion of Healing | 1 | |
| Orb of Corruption | 2 | |
| Book of the Dead | 1 | |
| Staff of Teleportation | 2 | |
| Boots of Speed | 1 | |
17 total
RoadWarz (
green | 53 APM | 2009 actions | 38:03)
9 Blademaster
3 Wind Walk
3 Critical Strike
1 Bladestorm
2 Mirror Image
1 Goblin Tinker
1 Engineering Upgrade
» actions
| Assign group hotkey | 31 | |
| Basic commands | 165 | |
| Build / train | 81 | |
| Enter build submenu | 46 | |
| Enter hero's abilities submenu | 10 | |
| Give item / drop item | 4 | |
| Right click | 851 | |
| Select / deselect | 425 | |
| Select group hotkey | 212 | |
| Use ability | 184 | |
2009 total
» units
| Peon | 8 | |
| Grunt | 4 | |
| Goblin Shredder | 2 | |
| Goblin Zeppelin | 5 | |
| Goblin Sapper | 13 | |
| Troll Batrider | 6 | |
| Wind Rider | 4 | |
42 total
» upgrades
| Pillage | 1 | |
| Reinforced Defenses | 1 | |
| Ensnare | 1 | |
| Liquid Fire | 1 | |
| Ranged Weapons | 3 | |
| Armor | 3 | |
| Troll Regeneration | 1 | |
11 total
» buildings
| Orc Burrow | 8 | |
| Altar of Storms | 1 | |
| Barracks | 1 | |
| Voodoo Lounge | 1 | |
| Stronghold | 1 | |
| War Mill | 2 | |
| Fortress | 1 | |
| Beastiary | 9 | |
| Great Hall | 1 | |
| Watch Tower | 32 | |
57 total
» build order
00:10 Orc Burrow
00:54 Orc Burrow
00:57 Orc Burrow
01:07 Altar of Storms
01:09 Barracks
01:59 Voodoo Lounge
02:52 Stronghold
03:40 War Mill
04:08 Orc Burrow
05:42 Fortress
06:52 Beastiary
06:52 Beastiary
06:59 Great Hall
07:01 Watch Tower
07:25 Watch Tower
07:51 Orc Burrow
08:12 Watch Tower
08:13 Watch Tower
08:43 Beastiary
08:45 Beastiary
08:58 Watch Tower
08:59 Watch Tower
09:17 Watch Tower
09:20 Watch Tower
12:15 War Mill
13:44 Watch Tower
13:44 Watch Tower
13:47 Watch Tower
13:48 Watch Tower
13:49 Watch Tower
13:49 Watch Tower
14:02 Watch Tower
14:03 Watch Tower
14:04 Watch Tower
14:04 Watch Tower
14:05 Watch Tower
14:09 Watch Tower
14:11 Watch Tower
14:12 Watch Tower
14:13 Watch Tower
14:14 Watch Tower
14:14 Watch Tower
14:16 Watch Tower
14:17 Watch Tower
18:53 Watch Tower
18:53 Watch Tower
18:56 Watch Tower
18:56 Watch Tower
18:56 Watch Tower
24:22 Orc Burrow
24:24 Orc Burrow
24:26 Orc Burrow
24:36 Beastiary
24:39 Beastiary
24:42 Beastiary
24:44 Beastiary
24:46 Beastiary
» items
| Healing Salve | 4 | |
| Gloves of Haste | 1 | |
| Scroll of Town Portal | 1 | |
| Orb of Lightning | 1 | |
| Periapt of Vitality | 2 | |
| Staff of Teleportation | 3 | |
12 total

»
Malgus (
red | 44 APM | 1269 actions | 28:38)
4 Priestess of the Moon
2 Trueshot Aura
2 Searing Arrows
3 Keeper of the Grove
2 Entangling Roots
1 Thorns Aura
» actions
| Assign group hotkey | 19 | |
| Basic commands | 37 | |
| Build / train | 72 | |
| Enter build submenu | 19 | |
| Enter hero's abilities submenu | 7 | |
| Give item / drop item | 1 | |
| Right click | 541 | |
| Select / deselect | 366 | |
| Select group hotkey | 158 | |
| Use ability | 45 | |
1269 total
» units
» upgrades
| Ultravision | 1 | |
| Reinforced Hides | 3 | |
| Abolish Magic | 1 | |
| Strength of the Wild | 3 | |
| Well Spring | 1 | |
| Improved Bows | 1 | |
| Strength of the Moon | 2 | |
| Marksmanship | 1 | |
| Nature's Blessing | 1 | |
14 total
» buildings
| Altar of Elders | 1 | |
| Moon Well | 7 | |
| Ancient of War | 1 | |
| Hunter's Hall | 1 | |
| Tree of Ages | 1 | |
| Ancient of Lore | 2 | |
| Ancient of Wonders | 1 | |
| Tree of Eternity | 1 | |
| Tree of Life | 1 | |
| Ancient Protector | 4 | |
20 total
» build order
00:07 Altar of Elders
00:11 Moon Well
00:46 Ancient of War
01:50 Hunter's Hall
02:42 Moon Well
03:20 Moon Well
03:47 Tree of Ages
06:44 Ancient of Lore
06:56 Ancient of Lore
07:42 Ancient of Wonders
07:46 Moon Well
09:54 Tree of Eternity
10:18 Moon Well
12:32 Moon Well
13:15 Tree of Life
13:45 Ancient Protector
13:48 Ancient Protector
16:04 Ancient Protector
24:48 Moon Well
25:48 Ancient Protector
» items
| Claws of Attack +6 | 2 | |
| Gloves of Haste | 1 | |
| Scroll of Town Portal | 3 | |
| Orb of Venom | 1 | |
| Moonstone | 1 | |
8 total
team 2 (winner)
mildebas (
purple | 83 APM | 1493 actions | 17:53)
6 Keeper of the Grove
3 Force of Nature
2 Entangling Roots
1 Tranquility
» actions
| Assign group hotkey | 18 | |
| Build / train | 59 | |
| Enter build submenu | 32 | |
| Enter hero's abilities submenu | 6 | |
| Right click | 548 | |
| Select / deselect | 248 | |
| Select group hotkey | 518 | |
| Use ability | 64 | |
1493 total
» units
| Wisp | 27 | |
| Archer | 5 | |
| Faerie Dragon | 7 | |
| Chimaera | 2 | |
41 total
» upgrades
| Ultravision | 1 | |
| Strength of the Wild | 2 | |
| Reinforced Hides | 2 | |
| Corrosive Breath | 1 | |
6 total
» buildings
| Altar of Elders | 1 | |
| Moon Well | 9 | |
| Ancient of War | 1 | |
| Hunter's Hall | 1 | |
| Ancient Protector | 7 | |
| Tree of Life | 2 | |
| Tree of Ages | 1 | |
| Ancient of Wonders | 1 | |
| Ancient of Wind | 2 | |
| Tree of Eternity | 1 | |
| Chimaera Roost | 2 | |
28 total
» build order
00:09 Altar of Elders
00:15 Moon Well
00:32 Ancient of War
01:26 Moon Well
02:05 Moon Well
02:46 Hunter's Hall
03:22 Moon Well
03:45 Moon Well
04:00 Ancient Protector
04:19 Ancient Protector
05:30 Tree of Life
05:59 Tree of Ages
06:10 Ancient of Wonders
06:24 Moon Well
06:47 Ancient Protector
08:30 Ancient of Wind
08:35 Ancient of Wind
10:09 Moon Well
10:28 Tree of Eternity
11:23 Ancient Protector
11:33 Ancient Protector
11:59 Ancient Protector
13:17 Ancient Protector
14:17 Chimaera Roost
14:50 Chimaera Roost
14:55 Moon Well
15:08 Moon Well
17:40 Tree of Life
» items
| Boots of Speed | 1 | |
| Scroll of Town Portal | 1 | |
| Potion of Healing | 1 | |
3 total

»
King_Gex (
pink | 59 APM | 1281 actions | 21:40)
3 Blademaster
1 Wind Walk
2 Critical Strike
1 Shadow Hunter
1 Hex
» actions
| Basic commands | 6 | |
| Build / train | 51 | |
| Enter build submenu | 22 | |
| Enter hero's abilities submenu | 4 | |
| Give item / drop item | 4 | |
| Right click | 841 | |
| Select / deselect | 275 | |
| Use ability | 78 | |
1281 total
» units
| Peon | 10 | |
| Grunt | 6 | |
| Raider | 5 | |
| Goblin Zeppelin | 1 | |
| Goblin Sapper | 2 | |
| Shaman | 4 | |
28 total
» upgrades
| Reinforced Defenses | 1 | |
| Shaman Training | 2 | |
| Melee Weapons | 1 | |
4 total
» buildings
| Altar of Storms | 1 | |
| Orc Burrow | 7 | |
| Voodoo Lounge | 1 | |
| Barracks | 1 | |
| Stronghold | 1 | |
| War Mill | 2 | |
| Watch Tower | 5 | |
| Beastiary | 1 | |
| Fortress | 1 | |
| Spirit Lodge | 2 | |
| Great Hall | 1 | |
23 total
» build order
00:05 Altar of Storms
00:08 Orc Burrow
00:50 Voodoo Lounge
01:19 Orc Burrow
01:48 Barracks
03:36 Stronghold
04:38 War Mill
04:41 Orc Burrow
05:51 Orc Burrow
07:44 Watch Tower
07:46 Watch Tower
07:48 Watch Tower
07:50 Watch Tower
07:54 Beastiary
08:27 Fortress
08:34 Spirit Lodge
14:12 Orc Burrow
14:15 Orc Burrow
14:17 Orc Burrow
16:11 Watch Tower
17:24 Great Hall
18:15 War Mill
18:32 Spirit Lodge
» items
| Healing Salve | 3 | |
| Lesser Clarity Potion | 4 | |
| Scroll of Speed | 2 | |
| Orb of Lightning | 1 | |
| Scroll of Town Portal | 1 | |
11 total
different_ways (
blue | 97 APM | 3698 actions | 38:05)
8 Archmage
3 Summon Water Elemental
3 Brilliance Aura
1 Blizzard
1 Mass Teleport
5 Goblin Tinker
2 Pocket Factory
1 Engineering Upgrade
2 Cluster Rockets
» actions
| Assign group hotkey | 108 | |
| Basic commands | 158 | |
| Build / train | 179 | |
| Enter build submenu | 93 | |
| Enter hero's abilities submenu | 13 | |
| Give item / drop item | 9 | |
| Right click | 1038 | |
| Select / deselect | 623 | |
| Select group hotkey | 1234 | |
| Use ability | 242 | |
3698 total
» units
| Peasant | 14 | |
| Footman | 5 | |
| Goblin Shredder | 2 | |
| Rifleman | 5 | |
| Gryphon Rider | 1 | |
| Knight | 2 | |
| Spell Breaker | 4 | |
| Priest | 4 | |
| Sorceress | 3 | |
| Chimaera | 4 | |
44 total
» upgrades
| Masonry | 3 | |
| Gunpowder | 3 | |
| Long Rifles | 1 | |
| Armor | 3 | |
| Swords | 3 | |
| Cloud | 1 | |
| Storm Hammers | 1 | |
| Animal War Training | 1 | |
| Lumber Harvesting | 1 | |
| Sorceress Training | 2 | |
| Priest Training | 2 | |
| Plating | 3 | |
| Well Spring | 1 | |
| Control Magic | 1 | |
| Magic Sentry | 1 | |
27 total
» buildings
| Altar of Kings | 1 | |
| Barracks | 2 | |
| Farm | 14 | |
| Arcane Vault | 1 | |
| Keep | 2 | |
| Town Hall | 4 | |
| Scout Tower | 28 | |
| Arcane Tower | 6 | |
| Castle | 3 | |
| Lumber Mill | 1 | |
| Blacksmith | 1 | |
| Guard Tower | 25 | |
| Gryphon Aviary | 4 | |
| Arcane Sanctum | 3 | |
| Ancient Protector | 3 | |
| Moon Well | 19 | |
117 total
» build order
00:36 Altar of Kings
00:38 Barracks
00:48 Farm
01:19 Farm
01:21 Farm
02:12 Farm
02:18 Arcane Vault
03:33 Keep
03:33 Keep
04:10 Town Hall
04:13 Scout Tower
05:17 Arcane Tower
05:17 Arcane Tower
05:48 Scout Tower
05:49 Scout Tower
05:50 Scout Tower
05:51 Scout Tower
05:52 Scout Tower
06:46 Castle
06:46 Castle
06:46 Castle
06:49 Scout Tower
06:51 Scout Tower
06:56 Lumber Mill
07:40 Blacksmith
08:13 Guard Tower
08:13 Guard Tower
08:14 Guard Tower
09:09 Gryphon Aviary
09:14 Gryphon Aviary
09:19 Gryphon Aviary
09:42 Farm
09:46 Farm
09:48 Farm
10:19 Scout Tower
10:20 Scout Tower
11:24 Guard Tower
11:24 Guard Tower
11:45 Scout Tower
11:46 Scout Tower
11:48 Scout Tower
11:50 Scout Tower
12:24 Guard Tower
12:24 Guard Tower
12:27 Guard Tower
12:27 Guard Tower
12:27 Guard Tower
12:30 Scout Tower
12:31 Scout Tower
13:18 Guard Tower
13:18 Guard Tower
13:23 Gryphon Aviary
13:58 Farm
14:03 Farm
14:05 Scout Tower
14:07 Farm
14:37 Farm
15:28 Guard Tower
15:28 Guard Tower
18:00 Scout Tower
18:03 Scout Tower
18:05 Farm
18:34 Guard Tower
18:34 Guard Tower
18:47 Farm
21:22 Arcane Sanctum
21:23 Arcane Sanctum
21:27 Barracks
21:32 Arcane Sanctum
23:59 Ancient Protector
24:00 Ancient Protector
24:02 Ancient Protector
25:19 Farm
25:49 Moon Well
25:50 Moon Well
25:51 Moon Well
25:53 Moon Well
25:54 Moon Well
27:33 Moon Well
27:36 Moon Well
27:40 Moon Well
29:21 Moon Well
29:27 Moon Well
29:28 Moon Well
30:22 Moon Well
30:24 Moon Well
30:29 Moon Well
30:31 Moon Well
33:26 Moon Well
33:28 Moon Well
33:29 Moon Well
33:30 Moon Well
34:05 Town Hall
34:07 Scout Tower
34:08 Scout Tower
34:09 Scout Tower
34:11 Scout Tower
35:16 Guard Tower
35:16 Guard Tower
35:16 Guard Tower
35:19 Scout Tower
35:31 Town Hall
35:36 Scout Tower
35:37 Scout Tower
35:47 Arcane Tower
35:47 Arcane Tower
35:56 Scout Tower
36:03 Scout Tower
36:06 Guard Tower
36:10 Arcane Tower
36:10 Arcane Tower
36:54 Town Hall
36:56 Guard Tower
36:56 Guard Tower
36:56 Guard Tower
37:00 Guard Tower
37:00 Guard Tower
» items
| Scroll of Regeneration | 7 | |
| Mechanical Critter | 3 | |
| Boots of Speed | 1 | |
| Periapt of Vitality | 2 | |
| Gloves of Haste | 1 | |
| Potion of Lesser Invulnerability | 1 | |
| Scroll of Town Portal | 3 | |
| Staff of Sanctuary | 1 | |
| Pendant of Energy | 2 | |
| Mana Stone | 1 | |
| Potion of Invulnerability | 1 | |
| Staff of Teleportation | 1 | |
| Tome of Retraining | 1 | |
| Claws of Attack +9 | 1 | |
26 total
Sgt.Fluffy (
yellow | 45 APM | 1067 actions | 23:48)
6 Paladin
3 Devotion Aura
3 Divine Shield
» actions
| Assign group hotkey | 5 | |
| Basic commands | 37 | |
| Build / train | 115 | |
| ESC pressed | 7 | |
| Enter build submenu | 28 | |
| Enter hero's abilities submenu | 6 | |
| Give item / drop item | 2 | |
| Remove unit from queue | 2 | |
| Right click | 449 | |
| Select / deselect | 301 | |
| Select group hotkey | 42 | |
| Use ability | 73 | |
1067 total
» units
| Peasant | 35 | |
| Flying Machine | 41 | |
76 total
» upgrades
| Plating | 3 | |
| Gunpowder | 3 | |
| Lumber Harvesting | 1 | |
| Flying Machine Bombs | 1 | |
| Flak Cannons | 1 | |
| Masonry | 2 | |
| Barrage | 1 | |
12 total
» buildings
| Lumber Mill | 3 | |
| Farm | 18 | |
| Altar of Kings | 1 | |
| Blacksmith | 2 | |
| Keep | 1 | |
| Town Hall | 1 | |
| Castle | 1 | |
| Workshop | 4 | |
| Scout Tower | 3 | |
| Arcane Vault | 2 | |
| Guard Tower | 1 | |
37 total
» build order
00:18 Lumber Mill
00:58 Farm
01:09 Farm
01:20 Altar of Kings
02:07 Blacksmith
02:19 Keep
04:22 Town Hall
04:47 Castle
05:06 Lumber Mill
05:28 Farm
05:28 Farm
05:29 Farm
05:30 Farm
05:31 Farm
05:32 Farm
05:35 Farm
05:36 Farm
05:36 Farm
05:37 Farm
05:37 Farm
06:05 Lumber Mill
06:21 Workshop
07:04 Farm
07:05 Farm
07:06 Farm
07:12 Scout Tower
07:13 Scout Tower
07:14 Scout Tower
07:20 Arcane Vault
07:32 Workshop
07:39 Arcane Vault
08:15 Farm
08:15 Farm
08:34 Workshop
08:59 Blacksmith
09:36 Guard Tower
13:21 Workshop
» items
| Circlet of Nobility | 1 | |
| Periapt of Vitality | 1 | |
| Boots of Speed | 1 | |
| Scroll of Protection | 2 | |
| Potion of Healing | 5 | |
| Scroll of Speed | 1 | |
| Scroll of Town Portal | 2 | |
| Scroll of Regeneration | 1 | |
14 total
Chat log
(00:13 / Allies) King_Gex: 2 level 1s they are fucked
(00:22 / Allies) Sgt.Fluffy: they're probably smurfing
(00:28 / All) RoadWarz: fave gwen stefani song?
(00:31 / Allies) King_Gex: lvl usually means afk
(00:34 / All) Sgt.Fluffy: Sweet Escape
(00:36 / All) Sheena: cool
(00:41 / All) recoome: i like giraffes
(00:42 / Allies) King_Gex: i king harass
(02:34 / Allies) Sgt.Fluffy: nice
(02:40 / Allies) Sgt.Fluffy: get acos
(03:04 / All) RoadWarz: good job
(03:07 / All) Sheena: you will pay
(03:07 / All) King_Gex: ?
(03:08 / All) Sheena: more than your blood
(03:08 / All) RoadWarz: you hurt that acoylte good
(03:09 / All) King_Gex: why
(03:16 / All) Sgt.Fluffy: he will pay
(03:18 / All) Sgt.Fluffy: 70g per aco
(03:24 / All) different_ways: LOL
(03:38 / All) Sheena: he tp level 1
(03:44 / All) King_Gex: who
(03:47 / All) Sheena: u
(03:51 / All) Sheena: tp level 1 hero 7 health
(03:57 / All) King_Gex: i sold mine at shop for quick texh idiot
(04:06 / All) Sheena: oh yeah
(04:16 / All) King_Gex: yuo
(04:21 / All) Sheena: u have no idea the gayness is about to come
(04:26 / All) King_Gex: how so
(04:45 / All) Sheena: i can feel it
(06:17 / All) King_Gex: hi teal
(06:29 / All) Sheena: hi
(06:42 / All) King_Gex: tech so soon?
(07:03 / All) King_Gex: no mine gold?
(07:35 / All) King_Gex: Dam no tp
(07:37 / All) Sheena: damn
(08:00 / All) King_Gex: not much gold for you though
(08:11 / All) Sheena: yeah u crippled my economy
(08:17 / All) Sheena: and i cant make aco
(08:22 / All) Sheena: cause im teching
(08:22 / All) King_Gex: LMAO
(08:22 / All) Sgt.Fluffy: :(
(08:25 / All) King_Gex: i have plan for you
(08:30 / All) Sgt.Fluffy: why aren't your team mates funding you?
(09:59 / All) Sheena: pink i miss u
(10:01 / All) Sheena: come back
(10:05 / All) King_Gex: hmmm
(10:11 / Allies) Sgt.Fluffy: anyone need wood? will trade for gold
(10:52 / All) King_Gex: where go?
(10:58 / All) King_Gex: Tp?!
(11:03 / All) Sheena: yes
(11:03 / All) Sheena: come
(11:04 / All) King_Gex: NUB
(11:14 / All) Sgt.Fluffy: come nub
(11:21 / All) Sgt.Fluffy: cum nub
(11:26 / All) Sgt.Fluffy: cum nublets
(11:31 / All) Sgt.Fluffy: I'm cumming nublets
(11:33 / All) Sgt.Fluffy: ew
(11:37 / All) Sgt.Fluffy: just grossed myself out
(11:47 / All) Sgt.Fluffy: don't even
(11:48 / All) Sgt.Fluffy: scan me
(11:52 / All) Sgt.Fluffy: I've got nothing fam
(12:04 / All) Sgt.Fluffy: nothing YET*
(12:10 / All) Sgt.Fluffy: but soon I'll have a mort army
(12:55 / All) Sheena: cme back
(13:18 / All) Sheena: where did u go
(13:26 / All) King_Gex: heal
(13:30 / All) Sheena: ok
(13:37 / Allies) Sgt.Fluffy: coming
(15:11 / Allies) Sgt.Fluffy: let's hit
(15:26 / Allies) different_ways: omw
(15:41 / Allies) Sgt.Fluffy: BM SEES US
(15:41 / Allies) Sgt.Fluffy: GO
(15:42 / Allies) Sgt.Fluffy: NOW
(15:53 / All) King_Gex: oh no
(15:55 / Allies) Sgt.Fluffy: MOVE
(15:58 / All) Sheena: bang
(15:59 / All) Sheena: bang
(16:00 / Allies) Sgt.Fluffy: U FAT FUK
(16:01 / All) Sheena: u dead
(16:04 / All) King_Gex: u got me
(16:09 / All) Sgt.Fluffy: sup gayboi bm
(16:15 / All) King_Gex: no
(17:00 / All) King_Gex: pls teal
(17:05 / All) Sheena: ill stop if u say stop daddy
(17:09 / All) King_Gex: i jk earlier
(17:32 / All) King_Gex: was joke
(17:42 / Allies) different_ways: hit here if we hit another base too many towers at green
(17:59 / All) Sgt.Fluffy: wut
(18:44 / All) King_Gex: easily defended teal
(19:06 / All) Sgt.Fluffy: so what's even happening in this game
(19:09 / All) Sgt.Fluffy: nobody's doing anything
(19:11 / All) King_Gex: ya
(19:46 / All) Sgt.Fluffy: my dude
(19:50 / All) Sgt.Fluffy: fo real
(19:58 / All) Sgt.Fluffy: now I'm just gonna get dragons
(20:00 / All) Sgt.Fluffy: dragon spam
(20:14 / All) Sgt.Fluffy: o shit
(21:11 / Allies) Sgt.Fluffy: blue
(21:14 / Allies) Sgt.Fluffy: is the different way losing?
(21:16 / All) RoadWarz: YOU JUST GOT SHAT ON
(21:16 / All) recoome: pink combined bases with you?!
(21:16 / Allies) different_ways: ?
(21:28 / All) Sgt.Fluffy: gg no re family
(21:36 / All) Sheena: destroyed heroes only
(21:41 / All) Sheena: how do u feel?
(22:27 / All) Malgus: Why did purp leave btw?
(22:39 / All) different_ways: crybaby
(22:44 / All) Malgus: bcz?
(22:44 / All) recoome: probably didnt feel like playing warcraft 3
(23:17 / All) Sgt.Fluffy: fuck off gayboi bm
(23:58 / All) Malgus: plox bluie
(26:04 / All) different_ways: shieet wasn't looking
(26:16 / All) recoome: what were you looking at
(26:23 / All) different_ways: my base
(26:26 / All) different_ways: makin shit
(26:33 / All) recoome: you were pooping?
(27:40 / All) RoadWarz: DEATH TO NOOB ELVES
(27:43 / All) RoadWarz: DEATH TO NOOB ELVES
(27:48 / All) Sheena: yes
(28:11 / All) RoadWarz: ALL NOOB ELVES MUTS DIE
(28:21 / All) recoome: HALP
(29:33 / All) RoadWarz: WARDEN CHASE
(29:42 / All) different_ways: almost level 5 tinker but no one to use it on
(29:46 / All) different_ways: I have sweet harass heroes
(29:55 / All) RoadWarz: try to chase his warden
(29:56 / All) different_ways: but this was the worst game possible to use them
(30:00 / All) RoadWarz: finish off red base
(30:12 / All) different_ways: k
(31:56 / All) different_ways: let me get red base
(32:13 / All) different_ways: move your wyrms
(32:41 / All) RoadWarz: got heem
(32:54 / All) different_ways: it's ridiculous how long polymorph lasts
(33:00 / All) RoadWarz: yeh
(33:05 / All) Sheena: how long does it last
(33:11 / All) different_ways: 60 secs
(33:15 / All) Sheena: omg
(35:09 / All) different_ways: watch your wyrm my dude
(35:12 / All) different_ways: it's killing my peasants
(36:08 / All) RoadWarz: the most tedious part of every stab
(36:15 / All) RoadWarz: orange could have did us a solid and left
(36:17 / All) RoadWarz: selfihs bastard
(36:47 / All) RoadWarz: any last words orange?
(37:12 / All) different_ways: too bad I didn't get robo goblin
(37:34 / All) RoadWarz: Drop some pearls of wisdom before that toewr dies
(37:51 / All) different_ways: oops
(37:53 / All) RoadWarz: aight den
(37:56 / All) different_ways: accidentally moved those